 Dungeon Crawl Stone Soup version 0.28.0-47-ge53b351184 (webtiles) character file.

Game seed: 8204767971325448498

12 MidgetDemon the Chopper (level 2, 0/27 HPs)
             Began as a Hill Orc Berserker on Apr 27, 2022.
             Was a Follower of Sif Muna.
             Slain by Natasha (8 damage)
             ... on level 2 of the Dungeon.
             The game lasted 00:08:44 (626 turns).

MidgetDemon the Chopper (Hill Orc Berserker)         Turns: 626, Time: 00:08:44

Health: 0/27       AC:  2    Str: 19    XL:     2   Next: 33%
Magic:  2/2        EV: 12    Int:  7    God:    Sif Muna [*.....]
Gold:   39         SH:  0    Dex: 10    Spells: 1/1 levels left

rFire   . . .      SeeInvis .   a - +0 hand axe
rCold   . . .      Faith    .   e - orb {*channel}
rNeg    . . .      Spirit   .   c - +0 robe
rPois   .          Reflect  .   (no helmet)
rElec   .          Harm     .   (no cloak)
rCorr   .          Rampage  .   (no gloves)
Will    .....                   (no boots)
Stlth   +.........              (no amulet)
HPRegen 0.09/turn               (no ring)
MPRegen 0.08/turn               (no ring)

@: no status effects
A: no striking features
a: Renounce Religion, Channel Magic


You were on level 2 of the Dungeon.
You worshipped Sif Muna.
Sif Muna was aware of your devotion.
You visited 1 branch of the dungeon, and saw 2 of its levels.

You collected 39 gold pieces.

Inventory:

Hand Weapons
 a - a +0 hand axe (weapon)
 g - a +0 hunting sling
Missiles
 d - 18 bolts
 f - 27 stones (quivered)
Armour
 b - a +0 animal skin
 c - a +0 robe (worn)
 e - an orb of energy (worn)


   Skills:
 + Level 3.9 Fighting
 * Level 4.6 Axes
 + Level 2.2 Armour
 + Level 1.6 Dodging


You had one spell level left.
You didn't know any spells.
Your spell library was empty.

Dungeon Overview and Level Annotations

Branches:
Dungeon (2/15)

Altars:
Sif Muna

Annotations:
D:2 Natasha


Message History

Unknown command.
Number of times to repeat, then command key: 0
Okay, then.
There is a stone staircase leading up here.
Natasha and a kobold come into view.
You hit the bat.
The bat is moderately wounded.
Natasha hisses angrily.
The bat completely misses you.
The kobold throws a stone.
The stone hits you but does no damage.
You barely miss the bat.
The bat is moderately wounded.
The bat hits you but does no damage.
You closely miss the bat.
The bat is moderately wounded.
The bat barely misses you. x2; The bat hits you.
You miss the bat. The bat barely misses you. The bat misses you.
You hit the bat.
You kill the bat!
Sif Muna accepts your kill.
You hit Natasha.
Natasha is lightly wounded.
Natasha claws you!
You hit Natasha.
Natasha is moderately wounded.
Natasha claws you but does no damage.
You closely miss Natasha.
Natasha is moderately wounded.
Natasha stares at you and mumbles some strange words.
The magic dart hits you!
You slash Natasha!
Natasha is almost dead.
Natasha claws you.
* * * LOW HITPOINT WARNING * * *
Natasha growls.
Natasha closely misses you.
You closely miss Natasha.
Natasha is almost dead.
Natasha claws you!
You die...

##.#.###....###.###.# #.#.#
#............# .....
#...####.##..#
......##............#
...##.##..#####.##.## ...
.##...# #.##.######### ...
#.##..<# #.##.........#
#.##...####.##########†#
#...........@hK...####>#####
#......#########.......B.....#
#...####.# ..#.####.###.# ##.
... ..# # #b# # ##.## ... ...
#.# .... .... #.# #.#.###..#
#.# .#.# #.## #.


You could see Natasha and a kobold.

Vanquished Creatures
  A worm (D:2)
  4 bats (D:2)
  A giant cockroach (D:2)
  A goblin (D:2)
  2 frilled lizards (D:2)
  A kobold (D:1)
10 creatures vanquished.

Notes
Turn   | Place    | Note
-------+----------+-------------------------------------------
     0 | D:1      | MidgetDemon the Hill Orc Berserker began the quest for the
                  | Orb.
     0 | D:1      | Reached XP level 1. HP: 19/19 MP: 1/1
    13 | D:1      | Found a faded altar of an unknown god.
    18 | D:1      | Prayed at the altar of an unknown god.
    18 | D:1      | Fell from the grace of Trog
    18 | D:1      | Became a worshipper of Sif Muna the Loreminder
    18 | D:1      | Reached * piety under Sif Muna
    28 | D:1      | You fall into a shaft and drop 1 floor!
   148 | D:2      | Paralysed by Trog for 6 turns
   175 | D:2      | Reached XP level 2. HP: 3/27 MP: 2/2
   615 | D:2      | Noticed Natasha
   626 | D:2      | Slain by Natasha

Illustrated notes

Levels and vault maps discovered:
D:1:      nicolae_arrival_washed_ashore, layout_loops_cross,
          ebering_ecumenical_altar_abandoned, nicolae_figureground_pulse
D:2:      layout_loops_ring, uniq_natasha, uniq_robin

Action                   || total
-------------------------++-------
Melee: Hand axe          ||    37
Throw: Stone             ||     5
  Use: Scroll            ||     1
Armor: Robe              ||     8
       Animal skin       ||     2
Dodge: Dodged            ||    33
